[Event "International chess holiday M31"]
[Site "Praha"]
[Date "2013.07.30"]
[Round "5"]
[White "Rut, Vojtìch"]
[Black "Gregor, Jiøí"]
[Result "1-0"]
[ECO "A44"]
[WhiteElo "2105"]
[BlackElo "2276"]
[Annotator "Koller,Martin"]
[PlyCount "47"]
[TimeControl "240+2"]

1. d4 c5 2. d5 e5 3. e4 d6 4. Nc3 Be7 5. f4 exf4 6. Bxf4 a6 7. Nf3 Bg4
8. a4 Bf6 9. Be2 Bxf3 10. Bxf3 Ne7 11. Bh5 O-O 12. O-O Qb6 13. e5 Bxe5 14. Bxe5
dxe5 15. d6 Nc8 16. Rxf7 Rxf7 17. Bxf7+ Kxf7 18. Qh5+ g6 19. Rf1+ Kg8 20. Qxe5
Qxd6 21. Qe8+ Kg7 22. Rf7+ Kh6 23. Qe3+ g5 24. Qh3+ 1-0

[Event "International chess holiday M31"]
[Site "Praha"]
[Date "2013.07.30"]
[Round "5"]
[White "Hansch, Stephan"]
[Black "Spindler, Markus"]
[Result "1/2-1/2"]
[ECO "A84"]
[WhiteElo "1980"]
[BlackElo "2067"]
[Annotator "Koller,Martin"]
[PlyCount "47"]
[TimeControl "240+2"]

1. d4 d5 2. c4 e6 3. Nf3 f5 4. e3 Nf6 5. Bd3 c6 6. O-O Bd6 7. b3 O-O 8.
Ba3 Bxa3 9. Nxa3 Qe7 10. Qc1 Na6 11. Qb2 Ne4 12. Rfc1 Nb4 13. Be2 Bd7 14. Nc2
Nxc2 15. Rxc2 Rf6 16. cxd5 exd5 17. b4 a6 18. a4 Qe8 19. Ne5 f4 20. Rac1 fxe3
21. fxe3 Bf5 22. Bd3 Qh5 23. Bxe4 Bxe4 24. Rf2 1/2-1/2

[Event "International chess holiday M31"]
[Site "Praha"]
[Date "2013.07.30"]
[Round "5"]
[White "Knechtel, Roland"]
[Black "Chladný, Roman"]
[Result "1-0"]
[ECO "E48"]
[WhiteElo "2221"]
[BlackElo "2088"]
[Annotator "Koller,Martin"]
[PlyCount "47"]
[TimeControl "240+2"]

1. d4 Nf6 2. c4 e6 3. Nc3 Bb4 4. e3 O-O 5. Bd3 d5 6. a3 Bd6 7. Nf3 b6
8. b4 dxc4 9. Bxc4 Bb7 10. Qc2 Nbd7 11. Bb2 a5 12. b5 Qe7 13. O-O Bxf3 14. gxf3
Nh5 15. Qe4 Kh8 16. f4 Qh4 17. Qg2 Ndf6 18. Ne2 Rae8 19. Kh1 h6 20. Ng3 Rg8 21.
d5 Ng4 22. dxe6 fxe6 23. Nxh5 Qxh5 24. Be2 1-0

[Event "International chess holiday M31"]
[Site "Praha"]
[Date "2013.07.30"]
[Round "5"]
[White "Ljuboschiz, Alexandr"]
[Black "Hansch, Karsten"]
[Result "1/2-1/2"]
[ECO "B92"]
[WhiteElo "2167"]
[BlackElo "2141"]
[Annotator "Koller,Martin"]
[PlyCount "33"]
[TimeControl "240+2"]

1. e4 c5 2. Nf3 d6 3. Nc3 Nf6 4. d4 cxd4 5. Nxd4 a6 6. Be2 e5 7. Nb3
Be7 8. O-O O-O 9. Be3 Be6 10. f4 exf4 11. Bxf4 Nc6 12. Kh1 d5 13. exd5 Nxd5 14.
Nxd5 Bxd5 15. Bf3 Bc4 16. Re1 Bf6 17. c3 1/2-1/2

[Event "International chess holiday M31"]
[Site "Praha"]
[Date "2013.07.30"]
[Round "5"]
[White "Staufenberger, Bernd"]
[Black "Hanko, Pavol"]
[Result "0-1"]
[ECO "B22"]
[WhiteElo "2062"]
[BlackElo "2154"]
[Annotator "Koller,Martin"]
[PlyCount "77"]
[TimeControl "240+2"]

1. e4 c5 2. Nf3 e6 3. c3 Nf6 4. e5 Nd5 5. Bc4 Nc6 6. O-O d6 7. exd6
Bxd6 8. d4 cxd4 9. cxd4 O-O 10. Nc3 Nxc3 11. bxc3 Ne7 12. Bd3 Ng6 13. Re1 Qc7
14. Qe2 b6 15. h4 Rb8 16. Ng5 h6 17. Nf3 Nf4 18. Bxf4 Bxf4 19. c4 Bb7 20. Rad1
Rfd8 21. Bc2 Rbc8 22. Bb3 Bd6 23. Rc1 Bb4 24. Red1 Qf4 25. Qe5 Qg4 26. d5 Bd6
27. Qd4 Qxd4 28. Nxd4 Bf4 29. Rb1 exd5 30. Nf5 Kf8 31. cxd5 Rc5 32. g3 Be5 33.
Ne3 g6 34. f4 Bd6 35. Kf2 h5 36. Rd2 Rc3 37. Nc4 Bc5+ 38. Kg2 Rxd5 39. Rbd1 0-1

[Event "International chess holiday M31"]
[Site "Praha"]
[Date "2013.07.31"]
[Round "6"]
[White "Spindler, Markus"]
[Black "Rut, Vojtìch"]
[Result "1/2-1/2"]
[ECO "B22"]
[WhiteElo "2067"]
[BlackElo "2105"]
[Annotator "Koller,Martin"]
[PlyCount "46"]
[TimeControl "240+2"]

1. e4 c5 2. c3 e5 3. Nf3 Nc6 4. Bc4 Qc7 5. d3 Nf6 6. Ng5 Nd8 7. Qb3 d6
8. Be3 a6 9. a4 h6 10. Nf3 Bd7 11. O-O Rb8 12. Na3 Be7 13. Qc2 b5 14. axb5 axb5
15. Bb3 Qb7 16. Nb1 O-O 17. Nbd2 Bc6 18. Ra2 Ne6 19. Rfa1 Ra8 20. c4 Rxa2 21.
Rxa2 Ra8 22. Qb1 Nc7 23. Qa1 Ra6 1/2-1/2

[Event "International chess holiday M31"]
[Site "Praha"]
[Date "2013.07.31"]
[Round "6"]
[White "Hansch, Karsten"]
[Black "Staufenberger, Bernd"]
[Result "1-0"]
[ECO "A14"]
[WhiteElo "2141"]
[BlackElo "2062"]
[Annotator "Koller,Martin"]
[PlyCount "41"]
[TimeControl "240+2"]

1. c4 e6 2. g3 d5 3. Bg2 Nf6 4. Nf3 Be7 5. O-O O-O 6. b3 c5 7. Bb2 Nc6
8. e3 d4 9. exd4 cxd4 10. Re1 Bc5 11. a3 a5 12. Ne5 Nxe5 13. Rxe5 Nd7 14. Re1
e5 15. d3 Qc7 16. Nd2 f5 17. Nf3 Be7 18. Nxd4 Nc5 19. Nb5 Qd8 20. Bxe5 Nxd3 21.
Bd5+ 1-0

[Event "International chess holiday M31"]
[Site "Praha"]
[Date "2013.07.31"]
[Round "6"]
[White "Hanko, Pavol"]
[Black "Hansch, Stephan"]
[Result "0-1"]
[ECO "D63"]
[WhiteElo "2154"]
[BlackElo "1980"]
[Annotator "Koller,Martin"]
[PlyCount "88"]
[TimeControl "240+2"]

1. d4 d5 2. Nf3 Nf6 3. c4 e6 4. Bg5 Be7 5. e3 O-O 6. Nc3 Nbd7 7. Rc1 c6
8. a3 a6 9. Bd3 dxc4 10. Bxc4 Nd5 11. Bxe7 Qxe7 12. Ne4 N5f6 13. Ng3 b5 14. Bd3
c5 15. O-O Bb7 16. Bb1 Rac8 17. Re1 cxd4 18. exd4 Rxc1 19. Qxc1 Rc8 20. Qg5 h6
21. Qd2 Nb6 22. Ne5 Nc4 23. Nf5 Qf8 24. Nxc4 Rxc4 25. Ne3 Rc7 26. f3 Rd7 27.
Qd3 Qd6 28. Rd1 g6 29. Qc3 Nd5 30. Nxd5 Bxd5 31. Qe3 Kh7 32. Qe5 Bb3 33. Qxd6
Rxd6 34. Rd2 e5 35. Kf2 exd4 36. Ke2 Kg7 37. Kd3 f5 38. Ke2 Kf6 39. Kf2 Bc4 40.
Bc2 d3 41. Bb1 f4 42. g3 g5 43. Ke1 Re6+ 44. Kd1 Bb3+ 0-1

[Event "International chess holiday M31"]
[Site "Praha"]
[Date "2013.07.31"]
[Round "6"]
[White "Chladný, Roman"]
[Black "Gregor, Jiøí"]
[Result "0-1"]
[ECO "B81"]
[WhiteElo "2088"]
[BlackElo "2276"]
[Annotator "Koller,Martin"]
[PlyCount "75"]
[TimeControl "240+2"]

1. e4 c5 2. Nf3 d6 3. d4 cxd4 4. Nxd4 Nf6 5. Nc3 a6 6. h3 e6 7. g4 h6
8. Bg2 Qc7 9. Be3 Nc6 10. Qe2 Be7 11. O-O Bd7 12. Rad1 Ne5 13. Kh1 g5 14. f4
gxf4 15. Bxf4 Nc4 16. Bc1 O-O-O 17. Rf2 Rdg8 18. Rdf1 Rg6 19. Nf5 Bd8 20. Nd4
Be8 21. Nd1 Nd7 22. b3 Nce5 23. c4 Bh4 24. Ne3 Bxf2 25. Rxf2 Nc5 26. Ba3 Qa5
27. Nec2 Qc7 28. Ne3 Kb8 29. Rf1 Qe7 30. Rd1 h5 31. Ndf5 exf5 32. exf5 Nxg4 33.
fxg6 Ne4 34. Kg1 Nc3 35. Qd3 Qxe3+ 36. Qxe3 Nxe3 37. Rd3 Ne2+ 38. Kf2 0-1

[Event "International chess holiday M31"]
[Site "Praha"]
[Date "2013.07.31"]
[Round "6"]
[White "Knechtel, Roland"]
[Black "Ljuboschiz, Alexander"]
[Result "1-0"]
[ECO "E98"]
[WhiteElo "2221"]
[BlackElo "2167"]
[Annotator "Koller,Martin"]
[PlyCount "100"]
[TimeControl "240+2"]

1. d4 Nf6 2. c4 g6 3. Nc3 Bg7 4. e4 d6 5. Nf3 O-O 6. Be2 e5 7. O-O Nc6
8. d5 Ne7 9. Ne1 Ne8 10. Be3 f5 11. f3 f4 12. Bf2 g5 13. c5 h5 14. cxd6 Nxd6
15. Rc1 Bd7 16. a4 Rf6 17. Nd3 Rg6 18. Nc5 g4 19. Nxd7 Qxd7 20. Nb5 g3 21. Be1
gxh2+ 22. Kh1 Nxb5 23. Bxb5 Qd6 24. Qc2 c6 25. dxc6 Nxc6 26. Qb3+ Kh7 27. Bxc6
bxc6 28. Rd1 Qf6 29. Qb7 Rd8 30. Rxd8 Qxd8 31. Qxa7 Qd3 32. Rf2 Qd1 33. Rf1 Qd3
34. Rf2 Qd1 35. Qa5 Bf6 36. Qd2 Qxa4 37. Qd7+ Kh6 38. Re2 Qb5 39. Qd1 Be7 40.
Bf2 Bb4 41. Rc2 Rd6 42. Qc1 Rg6 43. Kxh2 Rd6 44. Bc5 Bxc5 45. Rxc5 Qb6 46. Rxe5
Qe3 47. Qc5 Qxc5 48. Rxc5 Kg6 49. Kh3 Kf7 50. Rxh5 Rd2 1-0

[Event "International chess holiday M31"]
[Site "Praha"]
[Date "2013.08.01"]
[Round "7"]
[White "Hansch, Stephan"]
[Black "Hansch, Karsten"]
[Result "1/2-1/2"]
[ECO "C84"]
[WhiteElo "1980"]
[BlackElo "2141"]
[Annotator "Koller,Martin"]
[PlyCount "23"]
[TimeControl "240+2"]

1. e4 e5 2. Nf3 Nc6 3. Bb5 a6 4. Ba4 Nf6 5. O-O d6 6. c3 b5 7. Bb3 Be7
8. h3 O-O 9. d4 Re8 10. Ng5 Rf8 11. Nf3 Re8 12. Ng5 1/2-1/2

[Event "International chess holiday M31"]
[Site "Praha"]
[Date "2013.08.01"]
[Round "7"]
[White "Rut, Vojtìch"]
[Black "Hanko, Pavol"]
[Result "1-0"]
[ECO "A45"]
[WhiteElo "2105"]
[BlackElo "2154"]
[Annotator "Koller,Martin"]
[PlyCount "51"]
[TimeControl "240+2"]

1. d4 Nf6 2. Bg5 g6 3. Bxf6 exf6 4. e3 Bg7 5. g3 O-O 6. Bg2 d6 7. Ne2
Nd7 8. O-O f5 9. c4 Nf6 10. Nbc3 Re8 11. Qd3 c6 12. b4 Qe7 13. b5 Ne4 14. Rfc1
g5 15. Rab1 Bh6 16. Rc2 Qe6 17. bxc6 bxc6 18. d5 Qg6 19. dxc6 a6 20. Nd5 Ra7
21. Qd4 Nc5 22. Nf6+ Kf8 23. Nxe8 Kxe8 24. Rb8 Rc7 25. Rd2 Bf8 26. Rd1 1-0

[Event "International chess holiday M31"]
[Site "Praha"]
[Date "2013.08.01"]
[Round "7"]
[White "Gregor, Jiøí"]
[Black "Spindler, Markus"]
[Result "1-0"]
[ECO "A90"]
[WhiteElo "2276"]
[BlackElo "2067"]
[Annotator "Koller,Martin"]
[PlyCount "93"]
[TimeControl "240+2"]

1. d4 d5 2. c4 e6 3. Nc3 f5 4. Nf3 Nf6 5. g3 c6 6. Bg2 Bd6 7. Bf4 Bxf4
8. gxf4 O-O 9. e3 Ne4 10. Qc2 Nd7 11. O-O Ndf6 12. Ne5 Bd7 13. Rac1 Be8 14. Ne2
Bh5 15. f3 Nd6 16. c5 Nf7 17. b4 Nxe5 18. dxe5 Ne8 19. Nd4 Nc7 20. a4 a6 21.
Rf2 Kh8 22. Kh1 g5 23. Ne2 g4 24. fxg4 Bxg4 25. Nd4 Rg8 26. Rg1 Qh4 27. Qd2 Rg6
28. Bf1 Rag8 29. Rfg2 Qh3 30. Qf2 Qh5 31. Rg3 R8g7 32. R1g2 Rg8 33. Kg1 R8g7
34. Kh1 Rg8 35. Be2 R8g7 36. Kg1 Rg8 37. Kf1 Bxe2+ 38. Qxe2 Qxe2+ 39. Kxe2 Rxg3
40. hxg3 Rg4 41. Kf3 Kg7 42. Nb3 Kf7 43. Na5 Ke7 44. Rh2 Rg7 45. Nxb7 d4 46.
Rd2 Nd5 47. Rxd4 1-0

[Event "International chess holiday M31"]
[Site "Praha"]
[Date "2013.08.01"]
[Round "7"]
[White "Staufenberger, Bernd"]
[Black "Knechtel, Roland"]
[Result "1-0"]
[ECO "E14"]
[WhiteElo "2062"]
[BlackElo "2221"]
[Annotator "Koller,Martin"]
[PlyCount "63"]
[TimeControl "240+2"]

1. d4 Nf6 2. Nf3 e6 3. e3 c5 4. Bd3 b6 5. O-O Bb7 6. c4 Be7 7. Nc3 cxd4
8. exd4 d6 9. d5 e5 10. Ng5 O-O 11. f4 h6 12. Nf3 Re8 13. f5 Bf8 14. Nd2 Nbd7
15. Nde4 a6 16. Be3 Be7 17. h3 Rb8 18. Qd2 Nxe4 19. Nxe4 Nf6 20. Rf3 Bf8 21.
Raf1 b5 22. g4 bxc4 23. Nxf6+ Qxf6 24. g5 Qd8 25. Be4 hxg5 26. f6 gxf6 27. Rxf6
Bg7 28. Bxg5 Bc8 29. Rxf7 Qb6+ 30. Kh1 Qxb2 31. Rxg7+ Kh8 32. Bf6 1-0

[Event "International chess holiday M31"]
[Site "Praha"]
[Date "2013.08.01"]
[Round "7"]
[White "Ljuboschiz, Alexander"]
[Black "Chladný, Roman"]
[Result "0-1"]
[ECO "B45"]
[WhiteElo "2167"]
[BlackElo "2088"]
[Annotator "Koller,Martin"]
[PlyCount "69"]
[TimeControl "240+2"]

1. e4 c5 2. Nf3 e6 3. Nc3 Nc6 4. d4 cxd4 5. Nxd4 Nf6 6. Ndb5 Bb4 7. a3
Bxc3+ 8. Nxc3 d5 9. exd5 exd5 10. Bg5 O-O 11. Be2 Re8 12. O-O d4 13. Nb1 Bf5
14. Nd2 Bxc2 15. Qxc2 Rxe2 16. Qd3 Re6 17. Rfe1 Qd5 18. Rxe6 Qxe6 19. Nf3 Re8
20. h3 h6 21. Bh4 Qe4 22. Qb5 Qd5 23. Qxb7 Rb8 24. Qc7 g5 25. Rc1 Rb6 26. Bg3
d3 27. b4 Ne4 28. Rd1 d2 29. Qc8+ Kg7 30. Qe8 Qb3 31. Be5+ Nxe5 32. Qxe5+ Rf6
33. Qa1 Qd3 34. Ne5 Qe2 35. Ng4 neèitelné 0-1

[Event "International chess holiday M31"]
[Site "Praha"]
[Date "2013.08.01"]
[Round "8"]
[White "Hansch, Karsten"]
[Black "Rùt, Vojtìch"]
[Result "1-0"]
[ECO "A14"]
[WhiteElo "2105"]
[BlackElo "2125"]
[Annotator "Koller,Martin"]
[PlyCount "57"]
[TimeControl "240+2"]

1. c4 e6 2. g3 d5 3. Bg2 Nf6 4. Nf3 Be7 5. O-O O-O 6. b3 d4 7. Bb2 c5
8. e3 Nc6 9. exd4 cxd4 10. Re1 Ne8 11. Ne5 Nxe5 12. Rxe5 f6 13. Re1 e5 14. d3
Rb8 15. Nd2 Bf5 16. Qe2 Bd6 17. a3 a5 18. Ne4 Bxe4 19. Bxe4 Qb6 20. Reb1 f5 21.
Bd5+ Kh8 22. b4 axb4 23. axb4 Be7 24. c5 Qh6 25. Bc1 f4 26. Ra7 Rf5 27. Bxb7
Qf6 28. Be4 f3 29. Qd1 1-0

[Event "International chess holiday M31"]
[Site "Praha"]
[Date "2013.08.01"]
[Round "8"]
[White "Ljuboschiz, Alexander"]
[Black "Staufenberger, Bernd"]
[Result "1/2-1/2"]
[ECO "C18"]
[WhiteElo "2167"]
[BlackElo "2062"]
[Annotator "Koller,Martin"]
[PlyCount "47"]
[TimeControl "240+2"]

1. e4 e6 2. d4 d5 3. Nc3 Bb4 4. e5 c5 5. a3 Ba5 6. b4 cxd4 7. Nb5 Bc7
8. f4 Ne7 9. Bd3 Bd7 10. Nxc7+ Qxc7 11. Nf3 Nbc6 12. O-O Nf5 13. Bxf5 exf5 14.
Bb2 Rc8 15. Qd2 a5 16. Bxd4 axb4 17. axb4 Nxd4 18. Qxd4 O-O 19. Rf2 Qc4 20. Rd1
Be6 21. h3 g6 22. Rfd2 Rc6 23. Rb1 Ra8 24. b5 1/2-1/2

[Event "International chess holiday M31"]
[Site "Praha"]
[Date "2013.08.01"]
[Round "8"]
[White "Hanko, Pavol"]
[Black "Gregor, Jiøí"]
[Result "1-0"]
[ECO "D46"]
[WhiteElo "2156"]
[BlackElo "2276"]
[Annotator "Koller,Martin"]
[PlyCount "113"]
[TimeControl "240+2"]

1. d4 d5 2. Nf3 Nf6 3. c4 c6 4. Nc3 a6 5. e3 e6 6. b3 Nbd7 7. Bd3 Bb4
8. Bb2 Ne4 9. Qc2 f5 10. O-O O-O 11. Ne5 Nxe5 12. dxe5 Bd7 13. a3 Be7 14. Rad1
Qb8 15. f3 Ng5 16. Ne2 a5 17. Qc3 Qa7 18. Bc2 Qb6 19. Kh1 g6 20. h4 Nf7 21. g3
Rfd8 22. Nf4 Bf8 23. Rfe1 Bg7 24. c5 Qc7 25. Nd3 b6 26. e4 Bc8 27. exf5 exf5
28. Qd4 b5 29. Qf2 Re8 30. f4 Be6 31. Bd4 Ra7 32. Qf3 Nh6 33. Nf2 b4 34. a4
Raa8 35. Rd2 Rf8 36. Nh3 Rfe8 37. Ng5 Bf8 38. Bd1 Kg7 39. Rg1 Qb7 40. Rc2 Qe7
41. Qg2 Kh8 42. Qh3 Ng4 43. h5 h6 44. hxg6 Kg7 45. Qh5 Kg8 46. Nxe6 Qxe6 47.
Bxg4 fxg4 48. f5 Qd7 49. Qxg4 Bg7 50. Qf4 Rf8 51. f6 Qe6 52. g4 Ra7 53. Qf5 Qe8
54. f7+ Rfxf7 55. gxf7+ Rxf7 56. Qh5 Qe6 57. Rcc1 1-0

[Event "International chess holiday M31"]
[Site "Praha"]
[Date "2013.08.01"]
[Round "8"]
[White "Knechtel, Roland"]
[Black "Hansch, Stephan"]
[Result "1/2-1/2"]
[ECO "D36"]
[WhiteElo "2221"]
[BlackElo "1980"]
[Annotator "Koller,Martin"]
[PlyCount "43"]
[TimeControl "240+2"]

1. d4 d5 2. c4 e6 3. Nc3 Nf6 4. Bg5 Be7 5. e3 O-O 6. Qc2 Nbd7 7. cxd5
exd5 8. Bd3 c6 9. Nf3 Re8 10. O-O Nf8 11. Rab1 Ne4 12. Bxe7 Qxe7 13. b4 a6 14.
a4 Bg4 15. Bxe4 dxe4 16. Nd2 f5 17. Nc4 Qg5 18. Ne2 Re6 19. Ng3 h5 20. Ne2 Bh3
21. Nf4 Rg6 22. g3 1/2-1/2

[Event "International chess holiday M31"]
[Site "Praha"]
[Date "2013.08.01"]
[Round "8"]
[White "Chladný, Roman"]
[Black "Spindler, Markus"]
[Result "1-0"]
[ECO "C68"]
[WhiteElo "2088"]
[BlackElo "2067"]
[Annotator "Koller,Martin"]
[PlyCount "93"]
[TimeControl "240+2"]

1. e4 e5 2. Nf3 Nc6 3. Bb5 a6 4. Bxc6 dxc6 5. O-O Bg4 6. h3 h5 7. d3
Qf6 8. Nbd2 Be6 9. Nb3 Bxb3 10. axb3 Be7 11. Be3 O-O-O 12. Ra5 c5 13. Bxc5 Bxc5
14. Rxc5 g5 15. Rxe5 g4 16. Rf5 Qd6 17. Rd5 Qf6 18. Rxd8+ Kxd8 19. Nh2 gxh3 20.
gxh3 Ne7 21. Kh1 Qxb2 22. Qa1 Qxa1 23. Rxa1 Nc6 24. Nf3 Ke7 25. c3 Rh6 26. d4
Rg6 27. Nh4 Rf6 28. Nf5+ Kd7 29. Kg2 Nd8 30. f4 Rc6 31. c4 Rb6 32. Ra3 Nc6 33.
Kg3 Nb4 34. Ne3 Nd3 35. Nd5 Rg6+ 36. Kh4 c6 37. f5 Rg2 38. Nf6+ Ke7 39. Nxh5 f6
40. Ra1 Rb2 41. e5 fxe5 42. dxe5 Nxe5 43. Re1 Kd6 44. c5+ Kd5 45. Nf4+ Kxc5 46.
Rxe5+ Kd4 47. Re7 1-0

[Event "International chess holiday M31"]
[Site "Praha"]
[Date "2013.08.03"]
[Round "9"]
[White "Rut, Vojtìch"]
[Black "Knechtel, Roland"]
[Result "1/2-1/2"]
[ECO "B06"]
[WhiteElo "2105"]
[BlackElo "2221"]
[Annotator "Koller,Martin"]
[PlyCount "80"]
[TimeControl "240+2"]

1. d4 g6 2. e4 Bg7 3. Nc3 c6 4. Be3 d6 5. Qd2 b5 6. Bd3 Nd7 7. Nf3 a6
8. a4 b4 9. Ne2 a5 10. O-O Ngf6 11. e5 Nd5 12. exd6 exd6 13. Bg5 f6 14. Bh6 O-O
15. Bxg7 Kxg7 16. Nf4 N7b6 17. Rfe1 Ra7 18. c4 bxc3 19. bxc3 Re8 20. Nxd5 Nxd5
21. h4 Rae7 22. h5 Bg4 23. h6+ Kf8 24. Nh2 Rxe1+ 25. Rxe1 Rxe1+ 26. Qxe1 Bd7
27. Bc4 Qe7 28. Qd2 Nb6 29. Bb3 Qe4 30. Nf1 Bf5 31. Ne3 Qb1+ 32. Bd1 Nxa4 33.
d5 c5 34. Nxf5 gxf5 35. Kh2 Nb6 36. Qf4 Qxd1 37. Qxd6+ Kf7 38. Qc7+ Ke8 39.
Qxb6 Qh5+ 40. Kg1 Qd1+ 1/2-1/2

[Event "International chess holiday M31"]
[Site "Praha"]
[Date "2013.08.03"]
[Round "9"]
[White "Staufenberger, Bernd"]
[Black "Chladný, Roman"]
[Result "1/2-1/2"]
[ECO "B08"]
[WhiteElo "2062"]
[BlackElo "2088"]
[Annotator "Koller,Martin"]
[PlyCount "27"]
[TimeControl "240+2"]

1. d4 Nf6 2. Nf3 g6 3. Nc3 Bg7 4. e4 d6 5. Be3 O-O 6. Qd2 Ng4 7. Bg5 c5
8. dxc5 dxc5 9. Qxd8 Rxd8 10. h3 Bxc3+ 11. bxc3 Nf6 12. Bd3 Nc6 13. c4 Be6 14.
O-O-O 1/2-1/2

[Event "International chess holiday M31"]
[Site "Praha"]
[Date "2013.08.03"]
[Round "9"]
[White "Hansch, Stephan"]
[Black "Ljuboschiz, Alexander"]
[Result "1/2-1/2"]
[ECO "E68"]
[WhiteElo "1980"]
[BlackElo "2167"]
[Annotator "Koller,Martin"]
[PlyCount "60"]
[TimeControl "240+2"]

1. d4 Nf6 2. c4 g6 3. g3 Bg7 4. Bg2 O-O 5. Nc3 d6 6. Nf3 Nbd7 7. O-O e5
8. e4 exd4 9. Nxd4 Re8 10. h3 Nc5 11. Re1 Bd7 12. f3 Nh5 13. Kh2 f5 14. f4 Nxe4
15. Nxe4 fxe4 16. Rxe4 Rxe4 17. Bxe4 c6 18. Qd3 Qb6 19. Nb3 Qf2+ 20. Bg2 Re8
21. Qf3 Re2 22. Qxf2 Rxf2 23. Bd2 Bxb2 24. Re1 Kf7 25. Kg1 Bd4 26. Nxd4 Rxd2
27. Nf3 Rxa2 28. Ng5+ Kf8 29. Nxh7+ Kf7 30. Ng5+ Kf8 1/2-1/2

[Event "International chess holiday M31"]
[Site "Praha"]
[Date "2013.08.03"]
[Round "9"]
[White "Spindler, Markus"]
[Black "Hanko, Pavol"]
[Result "1-0"]
[ECO "B22"]
[WhiteElo "2067"]
[BlackElo "2154"]
[Annotator "Koller,Martin"]
[PlyCount "47"]
[TimeControl "240+2"]

1. e4 c5 2. c3 Nf6 3. e5 Nd5 4. d4 cxd4 5. Qxd4 e6 6. Bc4 Nc6 7. Qe4 d6
8. Nf3 dxe5 9. Nxe5 Nf6 10. Nxc6 Nxe4 11. Nxd8 Kxd8 12. Nd2 Nd6 13. Bb3 b6 14.
O-O Ba6 15. Re1 Rc8 16. Nf3 Bc4 17. Bf4 Ke8 18. Rad1 Nb7 19. Ne5 Bxb3 20. axb3
Bd6 21. Nxf7 Bxf4 22. Nxh8 Ke7 23. Nf7 Kxf7 24. Rd7+ 1-0

[Event "International chess holiday M31"]
[Site "Praha"]
[Date "2013.08.03"]
[Round "9"]
[White "Gregor, Jiøí"]
[Black "Hansch, Karsten"]
[Result "1-0"]
[ECO "E63"]
[WhiteElo "2276"]
[BlackElo "2140"]
[Annotator "Koller,Martin"]
[PlyCount "156"]
[TimeControl "240+2"]

1. d4 Nf6 2. c4 g6 3. Nc3 Bg7 4. g3 O-O 5. Bg2 d6 6. Nf3 Nc6 7. O-O a6
8. h3 Rb8 9. e4 e5 10. d5 Ne7 11. b4 Nh5 12. a4 f5 13. Nd2 f4 14. g4 Nf6 15. f3
g5 16. Ba3 h5 17. c5 Ne8 18. Qb3 Kh7 19. Nc4 Ng6 20. b5 Ra8 21. a5 Nh4 22. cxd6
Nxd6 23. Bxd6 cxd6 24. Qb4 hxg4 25. hxg4 Bxg4 26. fxg4 f3 27. Bh3 f2+ 28. Kh1
Qf6 29. Nd2 Qf4 30. Nd1 Qg3 31. Ra3 Rf3 32. Rxf3 Nxf3 33. Nxf3 Qxf3+ 34. Kh2
Rc8 35. bxa6 bxa6 36. Qd2 Qxe4 37. Rxf2 Qg6 38. Ne3 e4 39. Nf5 Be5+ 40. Kg2 Rc3
41. Re2 Qg8 42. Rxe4 Rb3 43. Rb4 Rxb4 44. Qxb4 Qxd5+ 45. Kg1 Qd1+ 46. Bf1 Qc2
47. Bxa6 Qh2+ 48. Kf1 Qh3+ 49. Kf2 Qh2+ 50. Ke1 Qh1+ 51. Bf1 Qc6 52. Kd1 Bc3
53. Qc4 Qxc4 54. Bxc4 Bxa5 55. Nxd6 Bc7 56. Ne4 Bf4 57. Kc2 Kg7 58. Kd3 Kf8 59.
Kd4 Ke7 60. Kd5 Kd7 61. Nf6+ Ke7 62. Nh5 Bc1 63. Ke5 Kf8 64. Kf5 Be3 65. Kg6
Bc1 66. Nf6 Ke7 67. Ne4 Kf8 68. Nxg5 Bd2 69. Ne4 Bc1 70. g5 Bxg5 71. Kxg5 Ke7
72. Kf5 Kd7 73. Ke5 Kc6 74. Ke6 Kb6 75. Kd6 Ka5 76. Kc5 Ka4 77. Nf2 Ka3 78. Nd3
Ka4 neèitelné 1-0

[Event "International chess holiday K31"]
[Site "Praha"]
[Date "2013.07.28"]
[Round "1"]
[White "Novák, Jindøich"]
[Black "Dobiáš, Daniel"]
[Result "0-1"]
[ECO "D03"]
[WhiteElo "2042"]
[BlackElo "1800"]
[Annotator "Koller,Martin"]
[PlyCount "78"]
[TimeControl "240+2"]

1. d4 d5 2. Nf3 Nf6 3. Bg5 Bf5 4. e3 Nbd7 5. Bd3 Bxd3 6. cxd3 h6 7. Bh4
g5 8. Bg3 e6 9. Qb3 Nb6 10. Be5 Bd6 11. g4 Bxe5 12. Nxe5 Nfd7 13. Nf3 Qf6 14.
Nbd2 Rc8 15. Qa3 a6 16. b4 e5 17. O-O h5 18. Qc3 hxg4 19. Nxe5 Nxe5 20. dxe5
Qh6 21. Rfe1 Qxh2+ 22. Kf1 g3 23. Ke2 Qxf2+ 24. Kd1 g2 25. Kc2 Rh3 26. Qd4 Rh4
27. Qc5 Nc4 28. dxc4 Rxc4+ 29. Qxc4 dxc4 30. Kc3 Rd8 31. Nxc4 b5 32. Nb2 Qd2+
33. Kb3 Qd5+ 34. Ka3 Qxe5 35. Rac1 Rd2 36. Nd1 Rd3+ 37. Nc3 Rxc3+ 38. Kb2 Rxe3+
39. Rc3 Qxc3+ 0-1

[Event "International chess holiday K31"]
[Site "Praha"]
[Date "2013.07.28"]
[Round "1"]
[White "Hánl, František"]
[Black "Michel, Steve"]
[Result "1-0"]
[ECO "B96"]
[WhiteElo "1953"]
[BlackElo "1988"]
[Annotator "Koller,Martin"]
[PlyCount "28"]
[TimeControl "240+2"]

1. e4 e6 2. Nf3 c5 3. d4 cxd4 4. Nxd4 Nf6 5. Nc3 d6 6. Bg5 a6 7. f4
Nbd7 8. Qf3 Qc7 9. O-O-O b5 10. Bxf6 Nxf6 11. a3 Bb7 12. Be2 Rc8 13. Rhe1 Nxe4
14. Nxe4 Qxc2+ 1-0

[Event "International chess holiday K31"]
[Site "Praha"]
[Date "2013.07.28"]
[Round "1"]
[White "Hansch, Torsten"]
[Black "Pokorný, Jan"]
[Result "0-1"]
[ECO "E80"]
[WhiteElo "2116"]
[BlackElo "1893"]
[Annotator "Koller,Martin"]
[PlyCount "82"]
[TimeControl "240+2"]

1. d4 Nf6 2. c4 g6 3. Nc3 Bg7 4. e4 d6 5. f3 c6 6. Be3 a6 7. a4 a5 8.
Bd3 Na6 9. Nge2 O-O 10. Rc1 e5 11. O-O Bd7 12. Qd2 Rb8 13. Rfd1 Nb4 14. Bb1 Qe8
15. dxe5 Qxe5 16. Qxd6 Qxd6 17. Rxd6 Be6 18. b3 b6 19. Rcd1 Rfc8 20. R6d2 Ne8
21. f4 Bg4 22. Bd4 Bxd4+ 23. Rxd4 b5 24. h3 Bxe2 25. Nxe2 bxa4 26. bxa4 Nc7 27.
Kf2 Ne6 28. R4d2 Nc5 29. Nc3 Nba6 30. e5 Rb4 31. Rd8+ Rxd8 32. Rxd8+ Kg7 33.
Ne4 Rxb1 34. Nf6 Rb8 35. Rd6 Nb4 36. g4 Rc8 37. h4 Nxa4 38. g5 Nc5 39. h5 a4
40. hxg6 hxg6 41. Rd1 a3 0-1

[Event "International chess holiday K31"]
[Site "Praha"]
[Date "2013.07.28"]
[Round "1"]
[White "Anaškin, Arsenij"]
[Black "Michálek, František"]
[Result "0-1"]
[ECO "B02"]
[WhiteElo "1920"]
[BlackElo "2063"]
[Annotator "Koller,Martin"]
[PlyCount "48"]
[TimeControl "240+2"]

1. e4 Nf6 2. e5 Nd5 3. c4 Nb6 4. c5 Nd5 5. d4 d6 6. cxd6 exd6 7. Nf3
dxe5 8. Qa4+ c6 9. dxe5 Be7 10. Be2 O-O 11. O-O Nd7 12. Rd1 Qc7 13. Qe4 Nc5 14.
Qc2 Nb4 15. Qc4 a5 16. Nc3 Be6 17. Qf4 Rad8 18. Nd4 Rxd4 19. Qxd4 Nc2 20. Qf4
Nxa1 21. Ne4 Nc2 22. a3 f6 23. exf6 Qxf4 24. Bxf4 gxf6 0-1

[Event "International chess holiday K31"]
[Site "Praha"]
[Date "2013.07.28"]
[Round "1"]
[White "Taylor, Robert"]
[Black "Ramien, David"]
[Result "1/2-1/2"]
[ECO "E68"]
[WhiteElo "1958"]
[BlackElo "1726"]
[Annotator "Koller,Martin"]
[PlyCount "56"]
[TimeControl "240+2"]

1. d4 Nf6 2. c4 g6 3. Nc3 Bg7 4. Nf3 O-O 5. g3 d6 6. Bg2 Nbd7 7. O-O e5
8. e4 exd4 9. Nxd4 Re8 10. Nc2 Nc5 11. f3 Be6 12. Ne3 c6 13. Rb1 Qe7 14. b4
Ncd7 15. Ne2 Ne5 16. Qc2 Rac8 17. Nf4 d5 18. exd5 cxd5 19. Nxe6 Qxe6 20. c5 b6
21. f4 Ned7 22. f5 Qc6 23. g4 bxc5 24. g5 Ne4 25. f6 Bf8 26. Qd3 Nb6 27. b5 Qd6
28. Ng4 c4 1/2-1/2